 Dungeon Crawl Stone Soup version 0.24.0-2-g5b39cebb1c (webtiles) character file.

Game seed: 18020941163718425734, levelgen mode: deterministic

1 Esekla the Skirmisher (level 1, 7/16 HPs)
             Began as an Octopode Abyssal Knight on Oct 30, 2019.
             Was an Initiate of Lugonu.
             Got out of the dungeon alive.
             The game lasted 00:03:43 (334 turns).

Esekla the Skirmisher (Octopode Abyssal Knight)      Turns: 334, Time: 00:03:43

Health: 7/16       AC:  1    Str: 11    XL:     1   Next: 20%
Magic:  2/2        EV: 13    Int: 14    God:    Lugonu [......]
Gold:   0          SH:  0    Dex: 11    Spells: 0/0 levels left

rFire    . . .     SeeInvis .   a - +1 falchion
rCold    . . .     Gourm    .   (no shield)
rNeg     . . .     Faith    .   (helmet restricted)
rPois    .         Spirit   .   (no amulet)
rElec    .         Reflect  .   (no ring)
rCorr    .         Harm     .   (no ring)
MR       .....                  (no ring)
Stlth    ++........             (no ring)
HPRegen  0.00/turn              (no ring)
MPRegen  0.08/turn              (no ring)
                                (no ring)
                                (no ring)

@: non-regenerating, diseased
A: almost no armour, stealthy swim, amphibious, 8 rings, constrict 8, camouflage
1, gelatinous body 1
a: Renounce Religion


You escaped.
You worshipped Lugonu.
Lugonu was noncommittal.
You were not hungry.

You visited 1 branch of the dungeon, and saw 1 of its levels.
You visited the Abyss 1 time.

Inventory:

Hand Weapons
 a - a +1 falchion (weapon)
Potions
 c - a potion of curing {unknown}
 d - a potion of haste {unknown}
Comestibles
 b - 2 rations


   Skills:
 + Level 3.0 Fighting
 * Level 2.0 Long Blades
 + Level 2.3 Dodging
 + Level 2.0 Invocations


You couldn't memorise any spells.
You didn't know any spells.
Your spell library was empty.

Dungeon Overview and Level Annotations

Branches:
Dungeon (1/15)

Altars:


Innate Abilities, Weirdness & Mutations

You cannot wear most types of armour.
You are very stealthy in the water. (Stealth+)
You are amphibious.
You can wear up to eight rings at the same time.
You can use your tentacles to constrict eight enemies at once.
Your skin changes colour to match your surroundings (Stealth+).
Your rubbery body absorbs attacks. (AC +1, EV +1)


Message History

A starcursed mass splits.
You pass through the gate.
You can no longer depart the Abyss at will.
There is a staircase leading out of the dungeon here.
A hobgoblin comes into view. It is wielding a +0 club.
The hobgoblin shouts!
There is a staircase leading out of the dungeon here.
The hobgoblin barely misses you.
You riposte.
You hit the hobgoblin but do no damage. You grab the hobgoblin.
You hit the hobgoblin. You squeeze the hobgoblin.
You kill the hobgoblin!
Lugonu accepts your kill.
Things that are here:
a +0 club; a hobgoblin corpse
Things that are here:
a +0 club; a hobgoblin corpse
There is a staircase leading out of the dungeon here.
You can't go down here!
Are you sure you want to leave the Dungeon?
This will make you lose the game!
You have escaped!

####################
..................#
.................#
#...####...##...#
#...# #...##...#
#...####........#
#####........)..@...#
....................#
..........#######...#
..#####...# ...# ..#
#...# ...# ..# #...#
...# ..# #...# ...#
... ..... ...# ...
.......


There were no monsters in sight!

Vanquished Creatures
  A hobgoblin (D:1)
1 creature vanquished.

Notes
Turn   | Place    | Note
-------+----------+-------------------------------------------
     0 | Abyss:1  | Esekla the Octopode Abyssal Knight began the quest for the
                  | Orb.
     0 | Abyss:1  | Reached XP level 1. HP: 16/16 MP: 2/2
    47 | Abyss:1  | Noticed a raiju
    81 | Abyss:1  | Found a shimmering altar of Xom.
    81 | Abyss:1  | Found a shimmering altar of Xom.
    82 | Abyss:1  | Found a shimmering altar of Xom.
    82 | Abyss:1  | Found a corrupted altar of Lugonu.
    83 | Abyss:1  | Found a shimmering altar of Xom.
    84 | Abyss:1  | Found a shimmering altar of Xom.
    84 | Abyss:1  | Found a shimmering altar of Xom.
    84 | Abyss:1  | Found a shimmering altar of Xom.
    84 | Abyss:1  | Found a shimmering altar of Xom.
    84 | Abyss:1  | Found a shimmering altar of Xom.
    84 | Abyss:1  | Found a shimmering altar of Xom.
    84 | Abyss:1  | Found a shimmering altar of Xom.
    84 | Abyss:1  | Found a shimmering altar of Xom.
    85 | Abyss:1  | Found a shimmering altar of Xom.
    85 | Abyss:1  | Found a shimmering altar of Xom.
    85 | Abyss:1  | Found a shimmering altar of Xom.
    85 | Abyss:1  | Found a shimmering altar of Xom.
    89 | Abyss:1  | Noticed a large abomination
    93 | Abyss:1  | Noticed a small abomination
   117 | Abyss:1  | Noticed a starcursed mass
   129 | Abyss:1  | Noticed a worldbinder
   149 | Abyss:1  | Noticed an earth elemental
   149 | Abyss:1  | Noticed a tormentor
   149 | Abyss:1  | Noticed a large abomination
   178 | Abyss:1  | Noticed a large abomination
   180 | Abyss:1  | Noticed a raiju
   205 | Abyss:1  | Noticed a starcursed mass
   220 | Abyss:1  | Noticed a large abomination
   258 | Abyss:1  | Noticed an ancient zyme
   265 | Abyss:1  | Noticed a starcursed mass
   265 | Abyss:1  | Noticed a ynoxinul
   290 | D:1      | Escaped the Abyss
   334 | D:$      | Got out of the dungeon alive.

Levels and vault maps discovered:
D:1:      dpeg_arrival_boxorama, layout_basic

Action                   || total
-------------------------++-------
Melee: Falchion          ||     1
       Constrict         ||     1
       Tentacles         ||     1
Invok: Depart the Abyss  ||     1
Dodge: Dodged            ||     1
       Rpst.: Falchion   ||     1
